 Dungeon Crawl Stone Soup version 0.28-a0-1594-ga885d4b3d6 (webtiles) character file.

Game seed: 1853104380818663680

317 issech the Cudgeller (level 6, -4/61 HPs)
             Began as a Troll Fighter on Jan 21, 2022.
             Killed by nerve-wracking pain
             ... invoked by an orc priest
              (13 damage)
             ... on level 3 of the Dungeon.
             The game lasted 00:09:25 (2311 turns).

issech the Cudgeller (Troll Fighter)                Turns: 2311, Time: 00:09:26

Health: -4/61      AC:  4    Str: 25    XL:     6   Next: 20%
Magic:  5/5        EV:  9    Int:  4    God:
Gold:   97         SH:  8    Dex: 11    Spells: 5/5 levels left

rFire   . . .      SeeInvis .   e - +0 mace
rCold   . . .      Faith    .   c - +0 kite shield
rNeg    . . .      Spirit   .   b - +0 robe
rPois   .          Reflect  .   (helmet restricted)
rElec   .          Harm     .   (no cloak)
rCorr   .          Rampage  .   (gloves unavailable)
Will    .....      Clarity  +   (boots unavailable)
Stlth   +.........              (no amulet)
HPRegen 1.00/turn               (no ring)
MPRegen 0.09/turn               (no ring)

@: no status effects
A: large, unfitting armour, claws 3, regeneration 1, shaggy fur 1, tough skin 1,
clarity, MP-powered wands
a: no special abilities


You were on level 3 of the Dungeon.
You visited 1 branch of the dungeon, and saw 3 of its levels.

You collected 97 gold pieces.

Inventory:

Hand Weapons
 a - a +0 flail
 e - a +0 mace (weapon)
 l - a +0 dagger of freezing
Missiles
 g - 3 poisoned darts (quivered)
 j - 68 stones
 k - 17 sling bullets
Armour
 b - a +0 robe (worn)
 c - a +0 kite shield (worn)
Jewellery
 i - a +4 ring of evasion
Scrolls
 h - a scroll of fear {unknown}
Potions
 d - a potion of might
 f - a potion of magic {unknown}
 m - a potion of cancellation {unknown}
 n - a potion of lignification {unknown}


   Skills:
 + Level 3.2 Fighting
 + Level 4.1 Maces & Flails
 + Level 3.2 Dodging
 + Level 0.5 Stealth
 + Level 3.2 Shields


You had 5 spell levels left.
You didn't know any spells.
Your spell library contained the following spells:

 Spells                   Type           Power      Damage    Failure   Level
 Summon Guardian Golem    Hex/Summ       0%         N/A       99%         3
 Fireball                 Conj/Fire      0%         3d3       100%        5
 Iskenderun's Battlesphe  Conj           0%         2d6       100%        5
 Conjure Ball Lightning   Conj/Air       0%         3x3d6     100%        6
 Orb of Destruction       Conj           0%         9d5       100%        7
 Spellforged Servitor     Conj/Summ      0%         N/A       100%        7


Dungeon Overview and Level Annotations

Branches:
Dungeon (3/15)

Altars:
Ru

Shops:
D:2 [


Innate Abilities, Weirdness & Mutations

You are too large for most types of armour.
You have claws for hands.
Your natural rate of healing is unusually fast.
You are covered in fur. (AC +1)
You have tough skin. (AC +1)
You possess an exceptional clarity of mind.
You expend magic power (3 MP) to strengthen your wands.


Message History

* * * LOW HITPOINT WARNING * * *
You hit the orc.
The orc is heavily wounded.
The orc hits you with a +0 whip.
* * * LOW HITPOINT WARNING * * *
You sock the orc!
You kill the orc!
You hit the orc priest but do no damage.
You block the orc priest's attack.
You barely miss the orc priest. You block the orc priest's attack.
The orc priest barely misses you.
You hit the orc priest.
The orc priest is lightly wounded.
You block the orc priest's attack.
You barely miss the orc priest.
The orc priest is lightly wounded.
The orc priest looks encouraged for a moment.
You barely miss the orc priest.
The orc priest invokes the aid of Beogh against you.
Beogh smites you!
* * * LOW HITPOINT WARNING * * *
The orc priest casts a cantrip, but nothing happens.
You barely miss the orc priest. You block the orc priest's attack.
You hit the orc priest.
The orc priest is moderately wounded.
The orc priest closely misses you.
You hit the orc priest but do no damage.
The orc priest is moderately wounded.
The orc priest hits you with a +0 club.
* * * LOW HITPOINT WARNING * * *
The orc priest begins to cast a cantrip, but forgets the words!
You hit the orc priest but do no damage.
The orc priest is moderately wounded.
The orc priest mumbles some strange prayers to Beogh against you.
You barely resist. You closely miss the orc priest.
The orc priest is moderately wounded.
The orc priest calls down the wrath of Beogh upon you.
Pain shoots through your body!
You die...

##...!...# #.# #.##
##........# #.# ...###
.#.#..../..###.#####......
.........................
##.#.#o#.............#####
##........o.............#
##.....<...oo....##..###...
.......#..######o##..#
.###...#..######@##..# .#
#..........##.##..#
.###.#.....##.##.##..#
.....###...##........#
.#.### #...###.###..## .#<#
#.......# #..# .#.#
##..###.###.##
.#.######....#.).).#
..........##.###)###


You could see an orc priest.

Vanquished Creatures
  An ogre (D:3)
  2 orc priests (D:3)
  An orc wizard (D:3)
  Natasha (D:3)
  3 adders (D:2)
  2 worms (D:2)
  3 dart slugs
  5 orcs (D:3)
  8 ball pythons
  7 bats
  6 endoplasms
  4 giant cockroaches
  11 goblins
  4 hobgoblins
  2 jackals (D:1)
  5 quokkas
  8 frilled lizards
  3 kobolds
  7 rats
83 creatures vanquished.

Notes
Turn   | Place    | Note
-------+----------+-------------------------------------------
     0 | D:1      | issech the Troll Fighter began the quest for the Orb.
     0 | D:1      | Reached XP level 1. HP: 22/22 MP: 0/0
    74 | D:1      | Reached XP level 2. HP: 29/29 MP: 1/1
   152 | D:1      | Reached skill level 2 in Maces & Flails
   504 | D:1      | Found a faded altar of an unknown god.
   571 | D:1      | Reached XP level 3. HP: 36/36 MP: 2/2
  1086 | D:1      | Gained mutation: You expend magic power (3 MP) to
                  | strengthen your wands. [potion of mutation]
  1086 | D:1      | Gained mutation: You possess an exceptional clarity of
                  | mind. [potion of mutation]
  1310 | D:2      | Found Jidibale's Armour Shop.
  1356 | D:2      | Reached XP level 4. HP: 36/44 MP: 3/3
  1783 | D:3      | Noticed Natasha
  1790 | D:3      | Killed Natasha
  1791 | D:3      | Reached skill level 3 in Maces & Flails
  1891 | D:3      | Found a sacrificial altar of Ru.
  1943 | D:3      | Noticed an ogre
  2018 | D:3      | Killed an ogre
  2019 | D:3      | Reached XP level 5. HP: 44/53 MP: 4/4
  2270 | D:3      | Reached XP level 6. HP: 46/61 MP: 5/5
  2289 | D:3      | Reached skill level 4 in Maces & Flails
  2311 | D:3      | Killed from afar by an orc priest

Illustrated notes

Levels and vault maps discovered:
D:1:      matt_arrival_los_fun, layout_basic,
          hellmonk_ecumenical_altar_arch_garden
D:2:      layout_rooms, serial_shops, shop
D:3:      layout_loops_ring, vehumet_altar_wand_db,
          mainiacjoe_overflow_chevrons, old_standard_altar,
          gup_sewer_entry_bubbles, uniq_natasha

Skill      XL: |  1  2  3  4  5  6 |
---------------+-------------------+-----
Maces & Flails | 2 3 4 |  4.1
Dodging        | 3 |  3.2
Shields        | 3 |  3.2
Fighting       | 3 |  3.2
Stealth        | |  0.5

Action                   |  1- 3 |  4- 6 || total
-------------------------+-------+-------++-------
Melee: Flail             |   112 |       ||   112
       Mace              |    42 |   169 ||   211
  Use: Scroll            |     2 |       ||     2
       Potion            |     1 |       ||     1
Armor: Robe              |    72 |    37 ||   109
Dodge: Dodged            |    70 |    73 ||   143
Block: Kite shield       |    86 |    57 ||   143

Table legend: (Time is in decaauts)
 A = Elapsed time spent in this place.
 B = Non-inter-level travel time spent in this place.
 C = Inter-level travel time spent in this place.
 D = Time resting spent in this place.
 E = Time spent auto-exploring this place.
 F = Levels seen in this place.
 G = Mean time per level.
                   A        B        C        D        E       F      G
               +--------+--------+--------+--------+--------+-----+--------+
         Total |   2438 |   2376 |     62 |     75 |   1036 |   3 |  812.7 |
       Dungeon |   2438 |   2376 |     62 |     75 |   1036 |   3 |  812.7 |
               +--------+--------+--------+--------+--------+-----+--------+

Top non-repeatable levels by time:
     D:1: 1130 daAuts
     D:2: 796 daAuts
     D:3: 511 daAuts
